Workbook
Name _: #REF!
Name _: #REF!
Name _: #REF!
Name ___: #REF!
Name ______________________________________l9001: #REF!
Name _____________________________________l9001: #REF!
Name ____________________________________l9001: #REF!
Name ___________________________________l9001: #REF!
Name __________________________________l9001: #REF!
Name _________________________________apu1: #REF!
Name _________________________________apu1: #REF!
Name _________________________________apu1: #REF!
Name _________________________________l9001: #REF!
Name ________________________________apu1: #REF!
Name ________________________________apu1: #REF!
Name ________________________________apu1: #REF!
Name ________________________________l9001: #REF!
Name _______________________________apu1: #REF!
Name _______________________________l9001: #REF!
Name ______________________________apu1: #REF!
Name ______________________________l9001: #REF!
Name _____________________________l9001: #REF!
Name ____________________________apu1: #REF!
Name ____________________________l9001: #REF!
Name ___________________________apu1: #REF!
Name ___________________________l9001: #REF!
Name __________________________AFC1: #REF!
Name __________________________AFC3: #REF!
Name __________________________AFC5: #REF!
Name __________________________apu1: #REF!
Name __________________________BGC1: #REF!
Name __________________________BGC3: #REF!
Name __________________________BGC5: #REF!
Name __________________________CAC1: #REF!
Name __________________________CAC3: #REF!
Name __________________________CAC5: #REF!
Name __________________________l9001: #REF!
Name __________________________rc: #REF!
Name __________________________SBC1: #REF!
Name __________________________SBC3: #REF!
Name __________________________SBC5: #REF!
Name _________________________AFC1: #REF!
Name _________________________AFC3: #REF!
Name _________________________AFC5: #REF!
Name _________________________apu1: #REF!
Name _________________________BGC1: #REF!
Name _________________________BGC3: #REF!
Name _________________________BGC5: #REF!
Name _________________________CAC1: #REF!
Name _________________________CAC3: #REF!
Name _________________________CAC5: #REF!
Name _________________________EQP1: #REF!
Name _________________________EQP10: #REF!
Name _________________________EQP11: #REF!
Name _________________________EQP12: #REF!
Name _________________________EQP13: #REF!
Name _________________________EQP14: #REF!
Name _________________________EQP15: #REF!
Name _________________________EQP16: #REF!
Name _________________________EQP17: #REF!

Sheet PRESUPUESTO MGA
C2: ALCALDIA MUNICIPAL
C3: SECRETARÍA DE PLANEACIÓN MUNICIPAL
C4: PRESUPUESTO OFICIAL
B6: Proyecto:
B8: Fecha: | C8: DICIEMBRE DE 2024 | F8: Municipio: | G8: URUMITA
C10: CONDICIONES CONTRATADAS INICIALMENTE
B11: ITEM | C11: DESCRIPCION | D11: UNIDAD | E11: CANTIDAD | F11: Vr.UNITARIO | G11: Vr.PARCIAL | H11: VALOR TOTAL | I11: MO. C | J11: MO NC | K11: TRANSPORTE | L11: MATERIALES | M11: MAQ | N11: TOTAL
I12: 0.1 | J12: 0.2 | K12: 0.05 | L12: 0.6 | M12: 0.05 | N12: =SUM(I12:M12) -> 1
B13: CAPITULO 1 | C13: =+VLOOKUP(B13,#REF!,2,FALSE) -> #REF! | G13: =+VLOOKUP(B13,#REF!,6,FALSE) -> #REF! | H13: =+G13*1.3 -> #REF! | I13: =+H13*$I$12 -> #REF! | J13: =+H13*$J$12 -> #REF! | K13: =+H13*$K$12 -> #REF! | L13: =+H13*$L$12 -> #REF! | M13: =+H13*$M$12 -> #REF! | N13: =+SUM(I13:M13) -> #REF! | O13: =+N13-H13 -> #REF!
O14: =+N14-H14 -> 0
B15: CAPITULO 2 | C15: =+VLOOKUP(B15,#REF!,2,FALSE) -> #REF! | G15: =+VLOOKUP(B15,#REF!,6,FALSE) -> #REF! | H15: =+G15*1.3 -> #REF! | I15: =+H15*$I$12 -> #REF! | J15: =+H15*$J$12 -> #REF! | K15: =+H15*$K$12 -> #REF! | L15: =+H15*$L$12 -> #REF! | M15: =+H15*$M$12 -> #REF! | N15: =+SUM(I15:M15) -> #REF! | O15: =+N15-H15 -> #REF!
O16: =+N16-H16 -> 0
B17: CAPITULO 3 | C17: =+VLOOKUP(B17,#REF!,2,FALSE) -> #REF! | G17: =+VLOOKUP(B17,#REF!,6,FALSE) -> #REF! | H17: =+G17*1.3 -> #REF! | I17: =+H17*$I$12 -> #REF! | J17: =+H17*$J$12 -> #REF! | K17: =+H17*$K$12 -> #REF! | L17: =+H17*$L$12 -> #REF! | M17: =+H17*$M$12 -> #REF! | N17: =+SUM(I17:M17) -> #REF! | O17: =+N17-H17 -> #REF!
O18: =+N18-H18 -> 0
B19: CAPITULO 4 | C19: =+VLOOKUP(B19,#REF!,2,FALSE) -> #REF! | G19: =+VLOOKUP(B19,#REF!,6,FALSE) -> #REF! | H19: =+G19*1.3 -> #REF! | I19: =+H19*$I$12 -> #REF! | J19: =+H19*$J$12 -> #REF! | K19: =+H19*$K$12 -> #REF! | L19: =+H19*$L$12 -> #REF! | M19: =+H19*$M$12 -> #REF! | N19: =+SUM(I19:M19) -> #REF! | O19: =+N19-H19 -> #REF!
O20: =+N20-H20 -> 0
B21: CAPITULO 5 | C21: =+VLOOKUP(B21,#REF!,2,FALSE) -> #REF! | G21: =+VLOOKUP(B21,#REF!,6,FALSE) -> #REF! | H21: =+G21*1.3 -> #REF! | I21: =+H21*$I$12 -> #REF! | J21: =+H21*$J$12 -> #REF! | K21: =+H21*$K$12 -> #REF! | L21: =+H21*$L$12 -> #REF! | M21: =+H21*$M$12 -> #REF! | N21: =+SUM(I21:M21) -> #REF! | O21: =+N21-H21 -> #REF!
O22: =+N22-H22 -> 0
B23: CAPITULO 6 | C23: =+VLOOKUP(B23,#REF!,2,FALSE) -> #REF! | G23: =+VLOOKUP(B23,#REF!,6,FALSE) -> #REF! | H23: =+G23*1.3 -> #REF! | I23: =+H23*$I$12 -> #REF! | J23: =+H23*$J$12 -> #REF! | K23: =+H23*$K$12 -> #REF! | L23: =+H23*$L$12 -> #REF! | M23: =+H23*$M$12 -> #REF! | N23: =+SUM(I23:M23) -> #REF! | O23: =+N23-H23 -> #REF!
O24: =+N24-H24 -> 0
B25: CAPITULO 7 | C25: =+VLOOKUP(B25,#REF!,2,FALSE) -> #REF! | G25: =+VLOOKUP(B25,#REF!,6,FALSE) -> #REF! | H25: =+G25*1.3 -> #REF! | I25: =+H25*$I$12 -> #REF! | J25: =+H25*$J$12 -> #REF! | K25: =+H25*$K$12 -> #REF! | L25: =+H25*$L$12 -> #REF! | M25: =+H25*$M$12 -> #REF! | N25: =+SUM(I25:M25) -> #REF! | O25: =+N25-H25 -> #REF!
O26: =+N26-H26 -> 0
B27: CAPITULO 8 | C27: =+VLOOKUP(B27,#REF!,2,FALSE) -> #REF! | G27: =+VLOOKUP(B27,#REF!,6,FALSE) -> #REF! | H27: =+G27*1.3 -> #REF! | I27: =+H27*$I$12 -> #REF! | J27: =+H27*$J$12 -> #REF! | K27: =+H27*$K$12 -> #REF! | L27: =+H27*$L$12 -> #REF! | M27: =+H27*$M$12 -> #REF! | N27: =+SUM(I27:M27) -> #REF! | O27: =+N27-H27 -> #REF!
O28: =+N28-H28 -> 0
B29: CAPITULO 9 | C29: =+VLOOKUP(B29,#REF!,2,FALSE) -> #REF! | G29: =+VLOOKUP(B29,#REF!,6,FALSE) -> #REF! | H29: =+G29*1.3 -> #REF! | I29: =+H29*$I$12 -> #REF! | J29: =+H29*$J$12 -> #REF! | K29: =+H29*$K$12 -> #REF! | L29: =+H29*$L$12 -> #REF! | M29: =+H29*$M$12 -> #REF! | N29: =+SUM(I29:M29) -> #REF! | O29: =+N29-H29 -> #REF!
O30: =+N30-H30 -> 0
D33: COSTO DIRECTO | G33: =SUM(G12:G30) -> #REF! | H33: =+#REF!-'PRESUPUESTO MGA'!G13-'PRESUPUESTO MGA'!G15-'PRESUPUESTO MGA'!G17-'PRESUPUESTO MGA'!G19-'PRESUPUESTO MGA'!G21-'PRESUPUESTO MGA'!G23-'PRESUPUESTO MGA'!G25-'PRESUPUESTO MGA'!G27-'PRESUPUESTO MGA'!G29 -> #REF!
D35: ADMINISTRACION | F35: 0.26 | G35: =+$G$33*F35 -> #REF!
D36: IMPREVISTO | F36: 0.01 | G36: =+$G$33*F36 -> #REF!
D37: UTILIDAD | F37: 0.03 | G37: =+$G$33*F37 -> #REF!
D39: COSTO TOTAL DE PROYECTO | G39: =SUM(G33:G38) -> #REF! | H39: =SUM(H13:H30)-G39 -> #REF!
D42: INTERVENTORIA | F42: 0.07 | G42: =+F42*G39 -> #REF!
E43: COSTO TOTAL DEL PROYECTO | G43: =+G42+G39 -> #REF!
C51: CIELO ALVAREZ SERNA
C52: CC. 1065995534 de El Paso, Cesar
C53: Ingeniera Civil.
C54: Mat: 54202-347275 NTS

Sheet PRESUPUESTO OFICIAL
A1: ITEM | B1: DESCRIPCION | C1: UNIDAD | D1: CANTIDAD | E1: VALOR UNITARIO | F1: VALOR PARCIAL
A2: 1. DOTACIÓN DE TECNOLÓGIAS.
A3: 1.1 | B3: Modulo 1 gestión repositorios ( incluye gestión y consultas de contenidos educativos para las diferentes area del conocimiento ( Matemáticas, Ciencias sociales, lengua castellana e ingles, Ciencias Sociales,Ciencias naturales, componentes transversales como informática, Eticas, emprendimiento ) | C3: UND | D3: ='INVENTARIO MOBILIARIO '!C8 -> 1 | E3: ='ESTUDIO DE MERCADO'!G6 -> 1.40283e+08 | F3: =+PRODUCT(D3:E3) -> 1.40283e+08
A4: 1.2 | B4: Modulo 2 Videoteca ( Repositorio de videos educativos para la diferntes area del conocimiento (Matemáticas, Ciencias sociales, lengua castellana e ingles, Ciencias Sociales,Ciencias naturales) | C4: UND | D4: ='INVENTARIO MOBILIARIO '!D8 -> 1 | E4: ='ESTUDIO DE MERCADO'!G7 -> 1.0336321e+08 | F4: =+PRODUCT(D4:E4) -> 1.0336321e+08
A5: 1.3 | B5: Modulo 3 Repositorio de imágenes academicas y contenidos eductivos esquematizados de las diferentes areas del conocimiento (Matemáticas, Ciencias sociales, lengua castellana e ingles, Ciencias Sociales,Ciencias naturales) | C5: UND | D5: ='INVENTARIO MOBILIARIO '!E8 -> 1 | E5: ='ESTUDIO DE MERCADO'!G8 -> 90730927 | F5: =+PRODUCT(D5:E5) -> 90730927
A6: 1.4 | B6: Modulo de Juegos para el aprendizaje (grados de 1° a 11°) | C6: UND | D6: ='INVENTARIO MOBILIARIO '!F8 -> 2 | E6: ='ESTUDIO DE MERCADO'!G9 -> 39730762 | F6: =+PRODUCT(D6,E6) -> 79461524
A7: 1.5 | B7: Modulo interactivo para el aprendizaje de la historia, cultura y biodiversidad. | C7: UND | D7: ='INVENTARIO MOBILIARIO '!G8 -> 2 | E7: ='ESTUDIO DE MERCADO'!G10 -> 51082409 | F7: =+PRODUCT(D7:E7) -> 1.0216482e+08
A8: 1.6 | B8: Entrenador digital pruebas Saber, (Matemáticas) Básica Primaria (3° y 5°) Básica Secundaria (9°) y Media (11°), (Lenguaje) Básica Primaria (3° y 5°) Básica Secundaria (9°) y Media (11°), (Ingles) Básica Primaria (3° y 5°) Básica Secundaria (9°) y Media (11°), (Competencia Ciudadana) Básica Primaria ( 5°) Básica Secundaria (9°) y Media (11°), (Ciencias Naturales) Básica Primaria ( 5°) Básica Secundaria (9°) y Media (11°). Incluye Soporte, Mantenimiento y Actualización Por 3 Años. | C8: UND | D8: ='INVENTARIO MOBILIARIO '!H8 -> 2 | E8: ='ESTUDIO DE MERCADO'!G11 -> 52442608 | F8: =+PRODUCT(D8:E8) -> 1.0488522e+08
A9: 1.7 | B9: Aula Educativa Virtual en Web Matemáticas(Matemáticas, Física, Estadística, Geometría), Incluye Soporte, Mantenimiento y Actualización Por 3 Año. Básica primaria (1° a 5°), básica secundaria (6° a 9°) y Media (10° y 11°) | C9: UND | D9: ='INVENTARIO MOBILIARIO '!I8 -> 1 | E9: ='ESTUDIO DE MERCADO'!G12 -> 1.0607925e+08 | F9: =+PRODUCT(D9:E9) -> 1.0607925e+08
A10: 1.8 | B10: Aula Educativa Virtual en Web Ciencias Naturales (Biología, Química.) Incluye Soporte, Mantenimiento y Actualización Por 3 Año. Básica primaria (1° a 5°), básica secundaria (6° a 9°) y Media (10° y 11°) | C10: UND | D10: ='INVENTARIO MOBILIARIO '!K8 -> 1 | E10: ='ESTUDIO DE MERCADO'!G13 -> 1.0607925e+08 | F10: =+PRODUCT(D10:E10) -> 1.0607925e+08
A11: 1.9 | B11: Aula Educativa Virtual en Web Lengua Castellana e Idiomas(Lenguaje, Ingles), Incluye Soporte, Mantenimiento y Actualización Por 3 Año. Básica primaria (1° a 5°), básica secundaria (6° a 9°) y Media (10° y 11°). | C11: UND | D11: ='INVENTARIO MOBILIARIO '!L8 -> 1 | E11: ='ESTUDIO DE MERCADO'!G14 -> 81162274 | F11: =+PRODUCT(D11:E11) -> 81162274
A12: 1.10 | B12: Aula Educativa Virtual en Web Ciencias Sociales (Sociales, Catedra de Paz, Constitución), Incluye Soporte, Mantenimiento y Actualización Por 3 Año. Básica primaria (1° a 5°), básica secundaria (6° a 9°) y Media (10° y 11°) | C12: UND | D12: ='INVENTARIO MOBILIARIO '!M8 -> 1 | E12: ='ESTUDIO DE MERCADO'!G15 -> 81162274 | F12: =+PRODUCT(D12:E12) -> 81162274
A13: 1.11 | B13: Módulos Curriculares de Educación Transversal, (Ética y Urbanidad, Informática), Básica primaria (1° a 5°), básica secundaria (6° a 9°) y Media (10° y 11°), (Emprendimiento) Básica primaria (3° a 5°), básica secundaria (6° a 9°) y Media (10° y 11°). Incluye Soporte, Mantenimiento y Actualización Por 3 Años. | C13: UND | D13: ='INVENTARIO MOBILIARIO '!N8 -> 1 | E13: ='ESTUDIO DE MERCADO'!G16 -> 43699843 | F13: =+PRODUCT(D13:E13) -> 43699843
A14: 1.12 | B14: Modulo para la educación propia Etnoeducativa(Wayuunaiki) | C14: UND | D14: ='INVENTARIO MOBILIARIO '!O8 -> 1 | E14: ='ESTUDIO DE MERCADO'!G17 -> 99941275 | F14: =+PRODUCT(D14:E14) -> 99941275
A15: 1.13 | B15: Computador Portátil , Procesador Core i5, 256gb Disco Sólido, RAM de 4Gb, Pantalla de 14Pulg, Licencia de Windows. Garantía por 3 años. | C15: UND | D15: 60 | E15: ='ESTUDIO DE MERCADO'!G18 -> 3759725.6 | F15: =+PRODUCT(D15:E15) -> 2.2558353e+08
A16: 1.14 | B16: Suministro de herramientas tecnoclogicas Equipo Tablet 10" incluye aplicación educativa movil | C16: UND | D16: 125 | E16: ='ESTUDIO DE MERCADO'!G19 -> 3308936 | F16: =+PRODUCT(D16:E16) -> 413617000
A17: 1.15 | B17: Computador Todo en uno Procesador Intel® Core™ i5-1135G7T generación 11 th, Núcleos 8 GB RAM 512 GB SSD, sistema operativo : Windows, Tamaño de la pantalla 21- 23 Pulgadas LCD. | C17: UND | D17: 70 | E17: ='ESTUDIO DE MERCADO'!G20 -> 6012832.6 | F17: =+PRODUCT(D17:E17) -> 4.2089828e+08
A18: 1.16 | B18: Audifonos Diademas (Audífonos tipo diadema, con almuadillas de espumas, banda ajustable, Aislamiento de ruido,Frecuencia 20 Hz – 20K Hz,Longitud de cable 1.5 m, Micrófono integrado, | C18: UND | D18: 160 | E18: ='ESTUDIO DE MERCADO'!G21 -> 236349.71 | F18: =+PRODUCT(D18:E18) -> 37815954
A19: 1.17 | B19: Tablero digital TV de 75 pulgadas pentouch multitáctil, para uso industrial, resolución UHD 3840 x2160. Incluye soporte de piso movil, transporte hasta cada sedes educativa, garatía y soporte por 3 años | C19: UND | D19: ='INVENTARIO MOBILIARIO '!T8 -> 2 | E19: ='ESTUDIO DE MERCADO'!G22 -> 23622480 | F19: =+PRODUCT(D19:E19) -> 47244961
A20: 1.18 | B20: Aires Acondicionados MiniSplit 2Ton. Incluye instalación y ductería. | C20: UND | D20: 10 | E20: ='ESTUDIO DE MERCADO'!G23 -> 6330300 | F20: =+PRODUCT(D20:E20) -> 63303000
A21: 1.19 | B21: Router Access Point RompeMuros, Instalado y Configurado. | C21: UND | D21: ='INVENTARIO MOBILIARIO '!V8 -> 2 | E21: ='ESTUDIO DE MERCADO'!G24 -> 1288522.8 | F21: =+PRODUCT(D21:E21) -> 2577045.7
A22: 1.20 | B22: Equipo Servidor, 24GB en Ram, 1 Disco de 2TB, Pantalla de 19.5, Procesador Xeon. Incluye Configuracion En Red y Politica de Seguridad. | C22: UND | D22: ='INVENTARIO MOBILIARIO '!W8 -> 2 | E22: ='ESTUDIO DE MERCADO'!G25 -> 26202375 | F22: =+PRODUCT(D22:E22) -> 52404750
A23: 1.21 | B23: UPS Online de 2KVA, incluye trasporte y instalación en cada aulas. | C23: UND | D23: ='INVENTARIO MOBILIARIO '!X8 -> 3 | E23: ='ESTUDIO DE MERCADO'!G26 -> 3071143.8 | F23: =+PRODUCT(D23:E23) -> 9213431.3
A24: 1.22 | B24: Automatizacion biblioteca | C24: UND | D24: ='INVENTARIO MOBILIARIO '!AA8 -> 1 | E24: ='ESTUDIO DE MERCADO'!G27 -> 10716434 | F24: =+PRODUCT(D24:E24) -> 10716434
A25: 1.23 | B25: Automatizacion aula | C25: UND | D25: ='INVENTARIO MOBILIARIO '!Z8 -> 1 | E25: ='ESTUDIO DE MERCADO'!G28 -> 8590809.6 | F25: =+PRODUCT(D25:E25) -> 8590809.6
A26: 1.24 | B26: Fotocopiadora multifuncional. | C26: UND | D26: ='INVENTARIO MOBILIARIO '!Y8 -> 1 | E26: ='ESTUDIO DE MERCADO'!G29 -> 9664688.2 | F26: =+PRODUCT(D26:E26) -> 9664688.2
A27: 1.25 | B27: Servicio de conectividad a Internet Banda ancha por 12 meses. | C27: UND | D27: ='INVENTARIO MOBILIARIO '!AB8 -> 1 | E27: ='ESTUDIO DE MERCADO'!G30 -> 13958011 | F27: =+PRODUCT(D27:E27) -> 13958011
A28: 1.26 | B28: Suministro e instalación de Circuito Cerrado de televisión | C28: SEDES | D28: ='INVENTARIO MOBILIARIO '!AC8 -> 1 | E28: ='ESTUDIO DE MERCADO'!G31 -> 16981219 | F28: =+PRODUCT(D28:E28) -> 16981219
A29: 2. DOTACION DE MOBILIARIO
A30: 2.1 | B30: Silla neumática giratoria monoconcha acorde al manual de dotaciones de MEN (Incluye transporte e intalacion en cada sede educativa). | C30: UND | D30: ='INVENTARIO MOBILIARIO '!C13 -> 50 | E30: ='ESTUDIO DE MERCADO'!G35 -> 478265.49 | F30: =+PRODUCT(D30:E30) -> 23913275
A31: 2.2 | B31: Mesas dobles para computadores | C31: UND | D31: 11 | E31: ='ESTUDIO DE MERCADO'!G36 -> 3188436.6 | F31: =+PRODUCT(D31:E31) -> 35072803
A32: 2.3 | B32: Mesas para lectura biblioteca | C32: UND | D32: ='INVENTARIO MOBILIARIO '!E13 -> 11 | E32: ='ESTUDIO DE MERCADO'!G37 -> 1721755.8 | F32: =+PRODUCT(D32:E32) -> 18939313
A33: 2.4 | B33: Mesas biblioteca infantil | C33: UND | D33: 7 | E33: ='ESTUDIO DE MERCADO'!G38 -> 1305133.4 | F33: =+PRODUCT(D33:E33) -> 9135933.7
A34: 2.5 | B34: Silla ejecutiva | C34: UND | D34: 6 | E34: ='ESTUDIO DE MERCADO'!G39 -> 1062812.2 | F34: =+PRODUCT(D34:E34) -> 6376873.2
A35: 2.6 | B35: Silla Interlocutora butterfly pintada asiento tapizado | C35: UND | D35: ='INVENTARIO MOBILIARIO '!I13 -> 44 | E35: ='ESTUDIO DE MERCADO'!G40 -> 484642.36 | F35: =+PRODUCT(D35:E35) -> 21324264
A36: 2.7 | B36: Silla Biblioteca infantiles | C36: UND | D36: ='INVENTARIO MOBILIARIO '!J13 -> 24 | E36: ='ESTUDIO DE MERCADO'!G41 -> 295461.79 | F36: =+PRODUCT(D36:E36) -> 7091083
A37: 2.8 | B37: PUFF Hexagonal para biblioteca | C37: UND | D37: ='INVENTARIO MOBILIARIO '!K13 -> 21 | E37: ='ESTUDIO DE MERCADO'!G42 -> 504835.8 | F37: =+PRODUCT(D37:E37) -> 10601552
A38: 2.9 | B38: PUFF Infantiles Hexagonal para bibliotecas | C38: UND | D38: ='INVENTARIO MOBILIARIO '!L13 -> 3 | E38: ='ESTUDIO DE MERCADO'!G43 -> 462323.31 | F38: =+PRODUCT(D38:E38) -> 1386969.9
A39: 2.10 | B39: Mesa modular aula con 3 puestos para estudiantes, acorde al manual de dotaciones de MEN ( incluye transporte e instalación en cada sede educativa). | C39: UND | D39: 15 | E39: ='ESTUDIO DE MERCADO'!G44 -> 1381655.9 | F39: =+PRODUCT(D39:E39) -> 20724838
A40: 2.11 | B40: Estantes de biblioteca según requerimiento del manual de dotaciones MEN | C40: UND | D40: 15 | E40: ='ESTUDIO DE MERCADO'!G45 -> 4782654.9 | F40: =+PRODUCT(D40:E40) -> 71739824
A41: 2.12 | B41: Mueble de recepcion biblioteca | C41: UND | D41: ='INVENTARIO MOBILIARIO '!O13 -> 1 | E41: 9090653.1 | F41: =+PRODUCT(D41:E41) -> 9090653.1
A42: 2.13 | B42: Casilleros / Maletera | C42: UND | D42: ='INVENTARIO MOBILIARIO '!P13 -> 2 | E42: ='ESTUDIO DE MERCADO'!G47 -> 3539164.6 | F42: =+PRODUCT(D42:E42) -> 7078329.3
A43: 2.14 | B43: Estante Biblioteca Infantil | C43: UND | D43: ='INVENTARIO MOBILIARIO '!N13 -> 3 | E43: ='ESTUDIO DE MERCADO'!G48 -> 5207779.8 | F43: =+PRODUCT(D43:E43) -> 15623339
A44: 2.15 | B44: Revistero de biblioteca | C44: UND | D44: ='INVENTARIO MOBILIARIO '!Q13 -> 1 | E44: ='ESTUDIO DE MERCADO'!G49 -> 3068338.8 | F44: =+PRODUCT(D44:E44) -> 3068338.8
A45: 2.16 | B45: Mueble Almacenamiento | C45: UND | D45: ='INVENTARIO MOBILIARIO '!R13 -> 1 | E45: ='ESTUDIO DE MERCADO'!G50 -> 5030290.1 | F45: =+PRODUCT(D45:E45) -> 5030290.1
A46: 2.17 | B46: Puesto de trabajo docente, mesa acorde al manual de dotaciones de MEN. ( incluye transporte e intalacion en cada sede educativa). | C46: UND | D46: 2 | E46: ='ESTUDIO DE MERCADO'!G51 -> 1351897.1 | F46: =+PRODUCT(D46:E46) -> 2703794.2
A47: 2.18 | B47: Gabinete Metalico 14U | C47: UND | D47: ='INVENTARIO MOBILIARIO '!U13 -> 1 | E47: ='ESTUDIO DE MERCADO'!G52 -> 2120310.3 | F47: =+PRODUCT(D47:E47) -> 2120310.3
A48: 2.19 | B48: Gabinete Metalico 22U | C48: UND | D48: ='INVENTARIO MOBILIARIO '!T13 -> 2 | E48: ='ESTUDIO DE MERCADO'!G53 -> 3105537.3 | F48: =+PRODUCT(D48:E48) -> 6211074.5
A49: 2.20 | B49: División Infantil | C49: UND | D49: ='INVENTARIO MOBILIARIO '!V13 -> 4 | E49: ='ESTUDIO DE MERCADO'!G54 -> 2178765 | F49: =+PRODUCT(D49:E49) -> 8715060
A50: 2.21 | B50: Extintor Tipo ABC 20 Libras Instalados e incluye soporte | C50: UND | D50: ='INVENTARIO MOBILIARIO '!W13 -> 2 | E50: ='ESTUDIO DE MERCADO'!G55 -> 146668.08 | F50: =+PRODUCT(D50:E50) -> 293336.17
A51: 2.22 | B51: Extintor CO2 del 10 Lb, intalados incluye soporte. | C51: UND | D51: 2 | E51: ='ESTUDIO DE MERCADO'!G56 -> 504835.8 | F51: =+PRODUCT(D51:E51) -> 1009671.6
A52: 2.23 | B52: Punto ecologico incluido Canecas Reciclables 20 Litros (Verde, Blanco, Negro) | C52: UND | D52: 3 | E52: ='ESTUDIO DE MERCADO'!G57 -> 403868.64 | F52: =+PRODUCT(D52:E52) -> 1211605.9
A53: 2.24 | B53: Señalización Ruta de Evacuación (Segu NTC 1461 X 12 unidades) | C53: UND | D53: ='INVENTARIO MOBILIARIO '!Z13 -> 2 | E53: ='ESTUDIO DE MERCADO'!G58 -> 106281.22 | F53: =+PRODUCT(D53:E53) -> 212562.44
A54: 2.25 | B54: KIT Primeros auxilio (botiquin A, camilla, collarin.) | C54: UND | D54: ='INVENTARIO MOBILIARIO '!AA13 -> 1 | E54: 918346.69 | F54: =+PRODUCT(D54:E54) -> 918346.69
A55: 3. DOTACION DE MATERIAL DIDACTICO Y PEDAGICO
A56: 3.1 | B56: Contenido educativo Impreso Cartillas educación Ambiental TOMO I | C56: UND | D56: ='INVENTARIO MOBILIARIO '!C18 -> 300 | E56: ='ESTUDIO DE MERCADO'!G63 -> 194494.63 | F56: =+PRODUCT(D56:E56) -> 58348390
A57: 3.2 | B57: Contenido educativo Impreso Cartillas educación Ambiental TOMO II | C57: UND | D57: ='INVENTARIO MOBILIARIO '!D18 -> 300 | E57: ='ESTUDIO DE MERCADO'!G64 -> 194494.63 | F57: =+PRODUCT(D57:E57) -> 58348390
A58: 3.3 | B58: Contenido educativo Impreso Educación SEXUAL TOMO I | C58: UND | D58: ='INVENTARIO MOBILIARIO '!E18 -> 300 | E58: ='ESTUDIO DE MERCADO'!G65 -> 194494.63 | F58: =+PRODUCT(D58:E58) -> 58348390
A59: 3.4 | B59: Contenido educativo Impreso Educación SEXUAL TOMO II | C59: UND | D59: ='INVENTARIO MOBILIARIO '!F18 -> 300 | E59: ='ESTUDIO DE MERCADO'!G66 -> 194494.63 | F59: =+PRODUCT(D59:E59) -> 58348390
A60: 3.5 | B60: Contenido educativo Impreso Educación Catedra de paz I | C60: UND | D60: ='INVENTARIO MOBILIARIO '!G18 -> 300 | E60: ='ESTUDIO DE MERCADO'!G67 -> 194494.63 | F60: =+PRODUCT(D60:E60) -> 58348390
A61: 3.6 | B61: Contenido educativo Impreso Educación Catedra de paz TOMO II | C61: UND | D61: ='INVENTARIO MOBILIARIO '!H18 -> 300 | E61: ='ESTUDIO DE MERCADO'!G68 -> 194494.63 | F61: =+PRODUCT(D61:E61) -> 58348390
A62: 3.7 | B62: Kit De Juegos Pedagógico | C62: UND | D62: ='INVENTARIO MOBILIARIO '!I18 -> 1 | E62: ='ESTUDIO DE MERCADO'!G70 -> 14347965 | F62: =+PRODUCT(D62:E62) -> 14347965
A63: 3.8 | B63: Cuentos Infantiles y obras literarias | C63: UND | D63: ='INVENTARIO MOBILIARIO '!J18 -> 300 | E63: ='ESTUDIO DE MERCADO'!G71 -> 63768.732 | F63: =+PRODUCT(D63:E63) -> 19130620
A64: 3.9 | B64: ='ESTUDIO DE MERCADO'!B69 -> Ejemplares de diferentes categorias (informatica, Filosofía, Psicología. Religión, Ciencias Sociales, Lenguas, Ciencias Básicas, Ciencias Aplicadas, Artes, Literatura, Historia, Geografía y Superacion personal. | C64: UND | D64: 498 | E64: ='ESTUDIO DE MERCADO'!G69 -> 100967.16 | F64: =+PRODUCT(D64:E64) -> 50281645
A65: 4. METODOLOGIA DE APROPIACIÓN Y TRANSFERENCIA DE CONOCIMIENTO
A66: 4.1 | B66: Talleres de apropiación de las TIC, tranferencia de conocimiento sobre el uso de TIC en los procesos de aprendizaje, para las sedes beneficiarias del proyecto. | C66: SEDES | D66: 2 | E66: ='TRANFERENCIA DE CONOCIMIENTO'!E21 -> 18000000 | F66: =+PRODUCT(D66:E66) -> 36000000
A67: 4.2 | B67: METODOLOGÍA DE APROPIACIÓN DE TECNOLOGÍAS.(TABLET) | C67: SEDES | D67: 1 | E67: 6000000 | F67: =+PRODUCT(D67:E67) -> 6000000
A68: SUBTOTAL | F68: =SUM(F3:F67) -> 3.237026e+09
A69: ADMINISTRACIÓN | F69: ='DESGLOSE ADMINISTRACION'!K31 -> 1.2660251e+08
A70: VALOR TOTAL | F70: =+F68+F69 -> 3.3636285e+09

Sheet APUS GENERALES
A3: ALCALDIA MUNICIPAL
A4: SECRETARIA DE PLANEACIÓN MUNICIPAL
A5: ANALISIS DE PRECIOS UNITARIOS
A7: PROYECTO:
A8: FECHA: | E8: MUNICIPIO
A10: ÍTEM DE PAGO | B10: DESCRIPCIÓN | C10: UND. | D10: REND. | E10: VR. UNITARIO | F10: VALOR TOTAL
A12: 1.1 | B12: DEMOLICIÓN DE ENCHAPES | C12: M2 | F12: =SUM(F13:F14) -> 0
A13: %M.O | B13: =IFERROR(VLOOKUP(A13,#REF!,2,FALSE),0) -> 0 | C13: =IFERROR(VLOOKUP(A13,#REF!,3,FALSE),0) -> 0 | D13: 0.03 | E13: =F14 -> 0 | F13: =D13*E13 -> 0
A14: C-01 | B14: =IFERROR(VLOOKUP(A14,#REF!,2,FALSE),0) -> 0 | C14: HR | D14: 0.3 | E14: =IFERROR(VLOOKUP(A14,#REF!,4,FALSE),0) -> 0 | F14: =D14*E14 -> 0
A16: 1.2 | B16: DEMOLICIÓN DE PLANTILLA HASTA .10 M. | C16: M2 | F16: =SUM(F17:F18) -> 0
A17: %M.O | B17: =IFERROR(VLOOKUP(A17,#REF!,2,FALSE),0) -> 0 | C17: =IFERROR(VLOOKUP(A17,#REF!,3,FALSE),0) -> 0 | D17: 0.03 | E17: =F18 -> 0 | F17: =D17*E17 -> 0
A18: C-01 | B18: =IFERROR(VLOOKUP(A18,#REF!,2,FALSE),0) -> 0 | C18: HR | D18: 0.65 | E18: =IFERROR(VLOOKUP(A18,#REF!,4,FALSE),0) -> 0 | F18: =D18*E18 -> 0
A20: 1.3 | B20: DEMOLICIÓN ZÓCALO EXISTENTE. | C20: M3 | F20: =SUM(F21:F22) -> 0
A21: %M.O | B21: =IFERROR(VLOOKUP(A21,#REF!,2,FALSE),0) -> 0 | C21: =IFERROR(VLOOKUP(A21,#REF!,3,FALSE),0) -> 0 | D21: 0.03 | E21: =F22 -> 0 | F21: =D21*E21 -> 0
A22: C-01 | B22: =IFERROR(VLOOKUP(A22,#REF!,2,FALSE),0) -> 0 | C22: HR | D22: 0.16 | E22: =IFERROR(VLOOKUP(A22,#REF!,4,FALSE),0) -> 0 | F22: =D22*E22 -> 0
A24: 1.4 | B24: DEMOLICIÓN MUROS SENCILLOS | C24: M3 | F24: =SUM(F25:F26) -> 0
A25: %M.O | B25: =IFERROR(VLOOKUP(A25,#REF!,2,FALSE),0) -> 0 | C25: =IFERROR(VLOOKUP(A25,#REF!,3,FALSE),0) -> 0 | D25: 0.03 | E25: =F26 -> 0 | F25: =D25*E25 -> 0
A26: C-01 | B26: =IFERROR(VLOOKUP(A26,#REF!,2,FALSE),0) -> 0 | C26: HR | D26: 0.55 | E26: =IFERROR(VLOOKUP(A26,#REF!,4,FALSE),0) -> 0 | F26: =D26*E26 -> 0
A28: 1.5 | B28: DESMONTE MARCOS, PUERTAS Y VENTANAS | C28: M3 | F28: =SUM(F29:F30) -> 0
A29: %M.O | B29: =IFERROR(VLOOKUP(A29,#REF!,2,FALSE),0) -> 0 | C29: =IFERROR(VLOOKUP(A29,#REF!,3,FALSE),0) -> 0 | D29: 0.03 | E29: =F30 -> 0 | F29: =D29*E29 -> 0
A30: C-01 | B30: =IFERROR(VLOOKUP(A30,#REF!,2,FALSE),0) -> 0 | C30: HR | D30: 1 | E30: =IFERROR(VLOOKUP(A30,#REF!,4,FALSE),0) -> 0 | F30: =D30*E30 -> 0
A32: 1.6 | B32: DESMONTE CUBIERTAS (INCLUYE DISPOCISION FINAL A 10 KM) | C32: M3 | F32: =SUM(F33:F36) -> 0
A33: T002 | B33: =IFERROR(VLOOKUP(A33,#REF!,2,FALSE),0) -> 0 | C33: =IFERROR(VLOOKUP(A33,#REF!,3,FALSE),0) -> 0 | D33: 10 | E33: =IFERROR(VLOOKUP(A33,#REF!,4,FALSE),0) -> 0 | F33: =D33*E33 -> 0
A34: EQ002 | B34: =IFERROR(VLOOKUP(A34,#REF!,2,FALSE),0) -> 0 | C34: =IFERROR(VLOOKUP(A34,#REF!,3,FALSE),0) -> 0 | D34: 1 | E34: =IFERROR(VLOOKUP(A34,#REF!,4,FALSE),0) -> 0 | F34: =D34*E34 -> 0
A35: %M.O | B35: =IFERROR(VLOOKUP(A35,#REF!,2,FALSE),0) -> 0 | C35: =IFERROR(VLOOKUP(A35,#REF!,3,FALSE),0) -> 0 | D35: 0.03 | E35: =F36 -> 0 | F35: =D35*E35 -> 0
A36: C-01 | B36: =IFERROR(VLOOKUP(A36,#REF!,2,FALSE),0) -> 0 | C36: HR | D36: 0.65 | E36: =IFERROR(VLOOKUP(A36,#REF!,4,FALSE),0) -> 0 | F36: =D36*E36 -> 0
A38: 1.7 | B38: DESMONTE DE SISTEMA ELÉCTRICO EXISTENTE | C38: ML | F38: =SUM(F39:F40) -> 0
A39: %M.O | B39: =IFERROR(VLOOKUP(A39,#REF!,2,FALSE),0) -> 0 | C39: =IFERROR(VLOOKUP(A39,#REF!,3,FALSE),0) -> 0 | D39: 0.03 | E39: =F40 -> 0 | F39: =D39*E39 -> 0
A40: C-01 | B40: =IFERROR(VLOOKUP(A40,#REF!,2,FALSE),0) -> 0 | C40: HR | D40: 0.6 | E40: =IFERROR(VLOOKUP(A40,#REF!,4,FALSE),0) -> 0 | F40: =D40*E40 -> 0
A42: 1.8 | B42: RETIRO DE MATERIAL DE DESECHO | C42: M3 | F42: =SUM(F43:F44) -> 0
A43: %M.O | B43: =IFERROR(VLOOKUP(A43,#REF!,2,FALSE),0) -> 0 | C43: =IFERROR(VLOOKUP(A43,#REF!,3,FALSE),0) -> 0 | D43: 0.03 | E43: =F44 -> 0 | F43: =D43*E43 -> 0
A44: C-01 | B44: =IFERROR(VLOOKUP(A44,#REF!,2,FALSE),0) -> 0 | C44: HR | D44: 1.4 | E44: =IFERROR(VLOOKUP(A44,#REF!,4,FALSE),0) -> 0 | F44: =D44*E44 -> 0
A46: 1.9 | B46: TRAZADO Y REPLANTEO | C46: M2 | F46: =SUM(F47:F52) -> 0
A47: MAT 005 | B47: =IFERROR(VLOOKUP(A47,#REF!,2,FALSE),0) -> 0 | C47: =IFERROR(VLOOKUP(A47,#REF!,3,FALSE),0) -> 0 | D47: 1.35 | E47: =IFERROR(VLOOKUP(A47,#REF!,4,FALSE),0) -> 0 | F47: =D47*E47 -> 0
A48: MAT 006 | B48: =IFERROR(VLOOKUP(A48,#REF!,2,FALSE),0) -> 0 | C48: =IFERROR(VLOOKUP(A48,#REF!,3,FALSE),0) -> 0 | D48: 0.0027 | E48: =IFERROR(VLOOKUP(A48,#REF!,4,FALSE),0) -> 0 | F48: =D48*E48 -> 0
A49: DESP | B49: =IFERROR(VLOOKUP(A49,#REF!,2,FALSE),0) -> 0 | C49: =IFERROR(VLOOKUP(A49,#REF!,3,FALSE),0) -> 0 | D49: 0.05 | E49: =SUM(F47:F48) -> 0 | F49: =D49*E49 -> 0
A50: T001 | B50: =IFERROR(VLOOKUP(A50,#REF!,2,FALSE),0) -> 0 | C50: =IFERROR(VLOOKUP(A50,#REF!,3,FALSE),0) -> 0 | D50: 0.03 | E50: =SUM(F47:F49) -> 0 | F50: =D50*E50 -> 0
A51: %M.O | B51: =IFERROR(VLOOKUP(A51,#REF!,2,FALSE),0) -> 0 | C51: =IFERROR(VLOOKUP(A51,#REF!,3,FALSE),0) -> 0 | D51: 0.1 | E51: =F52 -> 0 | F51: =D51*E51 -> 0
A52: C-01 | B52: =IFERROR(VLOOKUP(A52,#REF!,2,FALSE),0) -> 0 | C52: =IFERROR(VLOOKUP(A52,#REF!,3,FALSE),0) -> 0 | D52: 0.07 | E52: =IFERROR(VLOOKUP(A52,#REF!,4,FALSE),0) -> 0 | F52: =D52*E52 -> 0
A54: 1.10 | B54: EXCAVACION MANUAL | C54: M3 | F54: =SUM(F55:F56) -> 0
A55: %M.O | B55: =IFERROR(VLOOKUP(A55,#REF!,2,FALSE),0) -> 0 | C55: =IFERROR(VLOOKUP(A55,#REF!,3,FALSE),0) -> 0 | D55: 0.03 | E55: =F56 -> 0 | F55: =D55*E55 -> 0
A56: C-01 | B56: =IFERROR(VLOOKUP(A56,#REF!,2,FALSE),0) -> 0 | C56: HR | D56: 1.5 | E56: =IFERROR(VLOOKUP(A56,#REF!,4,FALSE),0) -> 0 | F56: =D56*E56 -> 0
A58: 1.11 | B58: RELLENO EN RECEBO COMPACTADO, INCLUYE SUMINSTRO Y COMPACTACIÓN | C58: M3 | F58: =SUM(F59:F63) -> 0
A59: MAT 093 | B59: =IFERROR(VLOOKUP(A59,#REF!,2,FALSE),0) -> 0 | C59: =IFERROR(VLOOKUP(A59,#REF!,3,FALSE),0) -> 0 | D59: 1.3 | E59: =IFERROR(VLOOKUP(A59,#REF!,4,FALSE),0) -> 0 | F59: =D59*E59 -> 0
A60: MAT 004 | B60: =IFERROR(VLOOKUP(A60,#REF!,2,FALSE),0) -> 0 | C60: =IFERROR(VLOOKUP(A60,#REF!,3,FALSE),0) -> 0 | D60: 6 | E60: =IFERROR(VLOOKUP(A60,#REF!,4,FALSE),0) -> 0 | F60: =D60*E60 -> 0
A61: T002 | B61: =IFERROR(VLOOKUP(A61,#REF!,2,FALSE),0) -> 0 | C61: =IFERROR(VLOOKUP(A61,#REF!,3,FALSE),0) -> 0 | D61: 23.7 | E61: =IFERROR(VLOOKUP(A61,#REF!,4,FALSE),0) -> 0 | F61: =D61*E61 -> 0
A62: %M.O | B62: =IFERROR(VLOOKUP(A62,#REF!,2,FALSE),0) -> 0 | C62: =IFERROR(VLOOKUP(A62,#REF!,3,FALSE),0) -> 0 | D62: 0.03 | E62: =F63 -> 0 | F62: =D62*E62 -> 0
A63: C-01 | B63: =IFERROR(VLOOKUP(A63,#REF!,2,FALSE),0) -> 0 | C63: =IFERROR(VLOOKUP(A63,#REF!,3,FALSE),0) -> 0 | D63: 1.14 | E63: =IFERROR(VLOOKUP(A63,#REF!,4,FALSE),0) -> 0 | F63: =D63*E63 -> 0
A65: 2.1 | B65: MURO SENCILLO 0.125, LADRILLO TOLETE COMUN .06X.125X.25 INCLUYE MORTERO 1:4 | C65: M2 | F65: =SUM(F66:F72) -> 0
A66: MAT 013 | B66: =IFERROR(VLOOKUP(A66,#REF!,2,FALSE),0) -> 0 | C66: =IFERROR(VLOOKUP(A66,#REF!,3,FALSE),0) -> 0 | D66: 50.063 | E66: =IFERROR(VLOOKUP(A66,#REF!,4,FALSE),0) -> 0 | F66: =D66*E66 -> 0
A67: AUX.004 | B67: =IFERROR(VLOOKUP(A67,#REF!,2,FALSE),0) -> 0 | C67: =IFERROR(VLOOKUP(A67,#REF!,3,FALSE),0) -> 0 | D67: 0.03 | E67: =IFERROR(VLOOKUP(A67,#REF!,4,FALSE),0) -> 0 | F67: =D67*E67 -> 0
A68: DESP | B68: =IFERROR(VLOOKUP(A68,#REF!,2,FALSE),0) -> 0 | C68: =IFERROR(VLOOKUP(A68,#REF!,3,FALSE),0) -> 0 | D68: 0.05 | E68: =SUM(F66:F67) -> 0 | F68: =D68*E68 -> 0
A69: T001 | B69: =IFERROR(VLOOKUP(A69,#REF!,2,FALSE),0) -> 0 | C69: =IFERROR(VLOOKUP(A69,#REF!,3,FALSE),0) -> 0 | D69: 0.05 | E69: =SUM(F66:F68) -> 0 | F69: =D69*E69 -> 0
A70: EQ002 | B70: =IFERROR(VLOOKUP(A70,#REF!,2,FALSE),0) -> 0 | C70: =IFERROR(VLOOKUP(A70,#REF!,3,FALSE),0) -> 0 | D70: 0.2 | E70: =IFERROR(VLOOKUP(A70,#REF!,4,FALSE),0) -> 0 | F70: =D70*E70 -> 0
A71: %M.O | B71: =IFERROR(VLOOKUP(A71,#REF!,2,FALSE),0) -> 0 | C71: =IFERROR(VLOOKUP(A71,#REF!,3,FALSE),0) -> 0 | D71: 0.03 | E71: =F72 -> 0 | F71: =D71*E71 -> 0
A72: C-01 | B72: =IFERROR(VLOOKUP(A72,#REF!,2,FALSE),0) -> 0 | C72: =IFERROR(VLOOKUP(A72,#REF!,3,FALSE),0) -> 0 | D72: 0.55 | E72: =IFERROR(VLOOKUP(A72,#REF!,4,FALSE),0) -> 0 | F72: =D72*E72 -> 0
A74: 2.2 | B74: PAÑETE ALLANADO EN MUROS 1:4. | C74: M2 | F74: =SUM(F75:F80) -> 0
A75: AUX.004 | B75: =IFERROR(VLOOKUP(A75,#REF!,2,FALSE),0) -> 0 | C75: =IFERROR(VLOOKUP(A75,#REF!,3,FALSE),0) -> 0 | D75: 0.04 | E75: =IFERROR(VLOOKUP(A75,#REF!,4,FALSE),0) -> 0 | F75: =D75*E75 -> 0
A76: DESP | B76: =IFERROR(VLOOKUP(A76,#REF!,2,FALSE),0) -> 0 | C76: =IFERROR(VLOOKUP(A76,#REF!,3,FALSE),0) -> 0 | D76: 0.05 | E76: =F75 -> 0 | F76: =D76*E76 -> 0
A77: T001 | B77: =IFERROR(VLOOKUP(A77,#REF!,2,FALSE),0) -> 0 | C77: =IFERROR(VLOOKUP(A77,#REF!,3,FALSE),0) -> 0 | D77: 0.03 | E77: =SUM(F75:F76) -> 0 | F77: =D77*E77 -> 0
A78: EQ002 | B78: =IFERROR(VLOOKUP(A78,#REF!,2,FALSE),0) -> 0 | C78: =IFERROR(VLOOKUP(A78,#REF!,3,FALSE),0) -> 0 | D78: 0.4 | E78: =IFERROR(VLOOKUP(A78,#REF!,4,FALSE),0) -> 0 | F78: =D78*E78 -> 0
A79: %M.O | B79: =IFERROR(VLOOKUP(A79,#REF!,2,FALSE),0) -> 0 | C79: =IFERROR(VLOOKUP(A79,#REF!,3,FALSE),0) -> 0 | D79: 0.1 | E79: =F80 -> 0 | F79: =D79*E79 -> 0
A80: C-01 | B80: =IFERROR(VLOOKUP(A80,#REF!,2,FALSE),0) -> 0 | C80: =IFERROR(VLOOKUP(A80,#REF!,3,FALSE),0) -> 0 | D80: 0.25 | E80: =IFERROR(VLOOKUP(A80,#REF!,4,FALSE),0) -> 0 | F80: =D80*E80 -> 0
A82: 2.3 | B82: PAÑETE SOBRE MUROS 1:4 | C82: ML | F82: =SUM(F83:F88) -> 0
A83: AUX.001 | B83: =IFERROR(VLOOKUP(A83,#REF!,2,FALSE),0) -> 0 | C83: =IFERROR(VLOOKUP(A83,#REF!,3,FALSE),0) -> 0 | D83: 0.01 | E83: =IFERROR(VLOOKUP(A83,#REF!,4,FALSE),0) -> 0 | F83: =D83*E83 -> 0
A84: DESP | B84: =IFERROR(VLOOKUP(A84,#REF!,2,FALSE),0) -> 0 | C84: =IFERROR(VLOOKUP(A84,#REF!,3,FALSE),0) -> 0 | D84: 0.03 | E84: =F83 -> 0 | F84: =D84*E84 -> 0
A85: T001 | B85: =IFERROR(VLOOKUP(A85,#REF!,2,FALSE),0) -> 0 | C85: =IFERROR(VLOOKUP(A85,#REF!,3,FALSE),0) -> 0 | D85: 0.03 | E85: =SUM(F83:F84) -> 0 | F85: =D85*E85 -> 0
A86: EQ002 | B86: =IFERROR(VLOOKUP(A86,#REF!,2,FALSE),0) -> 0 | C86: =IFERROR(VLOOKUP(A86,#REF!,3,FALSE),0) -> 0 | D86: 1 | E86: =IFERROR(VLOOKUP(A86,#REF!,4,FALSE),0) -> 0 | F86: =D86*E86 -> 0
A87: %M.O | B87: =IFERROR(VLOOKUP(A87,#REF!,2,FALSE),0) -> 0 | C87: =IFERROR(VLOOKUP(A87,#REF!,3,FALSE),0) -> 0 | D87: 0.1 | E87: =F88 -> 0 | F87: =D87*E87 -> 0
A88: C-01 | B88: =IFERROR(VLOOKUP(A88,#REF!,2,FALSE),0) -> 0 | C88: =IFERROR(VLOOKUP(A88,#REF!,3,FALSE),0) -> 0 | D88: 0.25 | E88: =IFERROR(VLOOKUP(A88,#REF!,4,FALSE),0) -> 0 | F88: =D88*E88 -> 0
A90: 2.4 | B90: PLANTILLA DE NIVELACION | C90: M2 | F90: =SUM(F91:F95) -> 0
A91: AUX.001 | B91: =IFERROR(VLOOKUP(A91,#REF!,2,FALSE),0) -> 0 | C91: =IFERROR(VLOOKUP(A91,#REF!,3,FALSE),0) -> 0 | D91: 0.05 | E91: =IFERROR(VLOOKUP(A91,#REF!,4,FALSE),0) -> 0 | F91: =D91*E91 -> 0
A92: DESP | B92: =IFERROR(VLOOKUP(A92,#REF!,2,FALSE),0) -> 0 | C92: =IFERROR(VLOOKUP(A92,#REF!,3,FALSE),0) -> 0 | D92: 0.05 | E92: =+F91 -> 0 | F92: =D92*E92 -> 0
A93: T001 | B93: =IFERROR(VLOOKUP(A93,#REF!,2,FALSE),0) -> 0 | C93: =IFERROR(VLOOKUP(A93,#REF!,3,FALSE),0) -> 0 | D93: 0.03 | E93: =SUM(F91:F92) -> 0 | F93: =D93*E93 -> 0
A94: %M.O | B94: =IFERROR(VLOOKUP(A94,#REF!,2,FALSE),0) -> 0 | C94: =IFERROR(VLOOKUP(A94,#REF!,3,FALSE),0) -> 0 | D94: 0.1 | E94: =F95 -> 0 | F94: =D94*E94 -> 0
A95: C-01 | B95: =IFERROR(VLOOKUP(A95,#REF!,2,FALSE),0) -> 0 | C95: =IFERROR(VLOOKUP(A95,#REF!,3,FALSE),0) -> 0 | D95: 0.37 | E95: =IFERROR(VLOOKUP(A95,#REF!,4,FALSE),0) -> 0 | F95: =D95*E95 -> 0
A97: 2.5 | B97: PLANTILLA EN CONCRETO 3.000 PSI-ESP. 0.1 MT., INCLUYE MALLA ELECTROSOLDADA. | C97: M2 | F97: =SUM(F98:F103) -> 0
A98: AUX.002 | B98: =IFERROR(VLOOKUP(A98,#REF!,2,FALSE),0) -> 0 | C98: =IFERROR(VLOOKUP(A98,#REF!,3,FALSE),0) -> 0 | D98: 0.1 | E98: =IFERROR(VLOOKUP(A98,#REF!,4,FALSE),0) -> 0 | F98: =D98*E98 -> 0
A99: MAT 007 | B99: =IFERROR(VLOOKUP(A99,#REF!,2,FALSE),0) -> 0 | C99: =IFERROR(VLOOKUP(A99,#REF!,3,FALSE),0) -> 0 | D99: 1 | E99: =IFERROR(VLOOKUP(A99,#REF!,4,FALSE),0) -> 0 | F99: =D99*E99 -> 0
A100: DESP | B100: =IFERROR(VLOOKUP(A100,#REF!,2,FALSE),0) -> 0 | C100: =IFERROR(VLOOKUP(A100,#REF!,3,FALSE),0) -> 0 | D100: 0.05 | E100: =SUM(F98:F99) -> 0 | F100: =D100*E100 -> 0
A101: T001 | B101: =IFERROR(VLOOKUP(A101,#REF!,2,FALSE),0) -> 0 | C101: =IFERROR(VLOOKUP(A101,#REF!,3,FALSE),0) -> 0 | D101: 0.03 | E101: =SUM(F98:F100) -> 0 | F101: =D101*E101 -> 0
A102: %M.O | B102: =IFERROR(VLOOKUP(A102,#REF!,2,FALSE),0) -> 0 | C102: =IFERROR(VLOOKUP(A102,#REF!,3,FALSE),0) -> 0 | D102: 0.1 | E102: =F103 -> 0 | F102: =D102*E102 -> 0
A103: C-01 | B103: =IFERROR(VLOOKUP(A103,#REF!,2,FALSE),0) -> 0 | C103: =IFERROR(VLOOKUP(A103,#REF!,3,FALSE),0) -> 0 | D103: 1.2 | E103: =IFERROR(VLOOKUP(A103,#REF!,4,FALSE),0) -> 0 | F103: =D103*E103 -> 0
A105: 2.6 | B105: CONSTRUCCIÓN DE RAMPAS EN CONCRETO ESTRIADO 3000 PSI ESPESOR 0.10M INCLUYE MALLA ELECTRO SOLDADA.SEDE JUANA DE ATUESTAS MARIANGOLA | C105: M2 | F105: =SUM(F106:F111) -> 0
A106: AUX.002 | B106: =IFERROR(VLOOKUP(A106,#REF!,2,FALSE),0) -> 0 | C106: =IFERROR(VLOOKUP(A106,#REF!,3,FALSE),0) -> 0 | D106: 0.1 | E106: =IFERROR(VLOOKUP(A106,#REF!,4,FALSE),0) -> 0 | F106: =D106*E106 -> 0
A107: MAT 007 | B107: =IFERROR(VLOOKUP(A107,#REF!,2,FALSE),0) -> 0 | C107: =IFERROR(VLOOKUP(A107,#REF!,3,FALSE),0) -> 0 | D107: 1 | E107: =IFERROR(VLOOKUP(A107,#REF!,4,FALSE),0) -> 0 | F107: =D107*E107 -> 0
A108: DESP | B108: =IFERROR(VLOOKUP(A108,#REF!,2,FALSE),0) -> 0 | C108: =IFERROR(VLOOKUP(A108,#REF!,3,FALSE),0) -> 0 | D108: 0.05 | E108: =SUM(F106:F107) -> 0 | F108: =D108*E108 -> 0
A109: T001 | B109: =IFERROR(VLOOKUP(A109,#REF!,2,FALSE),0) -> 0 | C109: =IFERROR(VLOOKUP(A109,#REF!,3,FALSE),0) -> 0 | D109: 0.03 | E109: =SUM(F106:F108) -> 0 | F109: =D109*E109 -> 0
A110: %M.O | B110: =IFERROR(VLOOKUP(A110,#REF!,2,FALSE),0) -> 0 | C110: =IFERROR(VLOOKUP(A110,#REF!,3,FALSE),0) -> 0 | D110: 0.1 | E110: =F111 -> 0 | F110: =D110*E110 -> 0
A111: C-01 | B111: =IFERROR(VLOOKUP(A111,#REF!,2,FALSE),0) -> 0 | C111: =IFERROR(VLOOKUP(A111,#REF!,3,FALSE),0) -> 0 | D111: 0.85 | E111: =IFERROR(VLOOKUP(A111,#REF!,4,FALSE),0) -> 0 | F111: =D111*E111 -> 0
A113: 2.7 | B113: PISO EN PORCELANATO .60X.60 DE PRIMERA CALIDAD | C113: M2 | F113: =SUM(F114:F120) -> 0
A114: MAT 008 | B114: =IFERROR(VLOOKUP(A114,#REF!,2,FALSE),0) -> 0 | C114: =IFERROR(VLOOKUP(A114,#REF!,3,FALSE),0) -> 0 | D114: 1 | E114: =IFERROR(VLOOKUP(A114,#REF!,4,FALSE),0) -> 0 | F114: =D114*E114 -> 0
A115: MAT 009 | B115: =IFERROR(VLOOKUP(A115,#REF!,2,FALSE),0) -> 0 | C115: =IFERROR(VLOOKUP(A115,#REF!,3,FALSE),0) -> 0 | D115: 0.06 | E115: =IFERROR(VLOOKUP(A115,#REF!,4,FALSE),0) -> 0 | F115: =D115*E115 -> 0
A116: MAT 010 | B116: =IFERROR(VLOOKUP(A116,#REF!,2,FALSE),0) -> 0 | C116: =IFERROR(VLOOKUP(A116,#REF!,3,FALSE),0) -> 0 | D116: 4 | E116: =IFERROR(VLOOKUP(A116,#REF!,4,FALSE),0) -> 0 | F116: =D116*E116 -> 0
A117: DESP | B117: =IFERROR(VLOOKUP(A117,#REF!,2,FALSE),0) -> 0 | C117: =IFERROR(VLOOKUP(A117,#REF!,3,FALSE),0) -> 0 | D117: 0.05 | E117: =SUM(F114:F116) -> 0 | F117: =D117*E117 -> 0
A118: T001 | B118: =IFERROR(VLOOKUP(A118,#REF!,2,FALSE),0) -> 0 | C118: =IFERROR(VLOOKUP(A118,#REF!,3,FALSE),0) -> 0 | D118: 0.03 | E118: =SUM(F114:F117) -> 0 | F118: =D118*E118 -> 0
A119: %M.O | B119: =IFERROR(VLOOKUP(A119,#REF!,2,FALSE),0) -> 0 | C119: =IFERROR(VLOOKUP(A119,#REF!,3,FALSE),0) -> 0 | D119: 0.03 | E119: =F120 -> 0 | F119: =D119*E119 -> 0
A120: C-01 | B120: =IFERROR(VLOOKUP(A120,#REF!,2,FALSE),0) -> 0 | C120: =IFERROR(VLOOKUP(A120,#REF!,3,FALSE),0) -> 0 | D120: 0.9 | E120: =IFERROR(VLOOKUP(A120,#REF!,4,FALSE),0) -> 0 | F120: =D120*E120 -> 0
A122: 2.8 | B122: ZÓCALO EN PORCELANATO DE PRIMERA CALIDAD 7.5 CM | C122: ML | F122: =SUM(F123:F129) -> 0
A123: MAT 008 | B123: =IFERROR(VLOOKUP(A123,#REF!,2,FALSE),0) -> 0 | C123: =IFERROR(VLOOKUP(A123,#REF!,3,FALSE),0) -> 0 | D123: 0.08 | E123: =IFERROR(VLOOKUP(A123,#REF!,4,FALSE),0) -> 0 | F123: =D123*E123 -> 0
...

Sheet DESGLOSE ADMINISTRACION
A1: REPUBLICA DE COLOMBIA.
A2: DEPARTAMENTO DE LA GUAJIRA.
A3: IMPLEMENTACIÓN DE AMBIENTES EDUCATIVOS TECNOLÓGICOS PARA EL FORTALECIMIENTO DEL APRENDIZAJE INTEGRAL EN SEDES EDUCATIVAS OFICIALES DE RIOHACHA Y BARRANCAS, LA GUAJIRA.
A4: PRESUPUESTO DE LA ADMINISTRACION DEL PROYECTO.
A6: SUBTOTAL COSTOS DIRECTOS DEL PROYECTO | J6: 1 | K6: ='PRESUPUESTO OFICIAL'!F68 -> 3.237026e+09
A8: Ítem | B8: Desripción | C8: Sueldo y/o Tarifa Mensual ($) | D8: % Dedicación | E8: Factor Multiplicador | F8: Subtotal Mes | G8: Cantidad | H8: Valor Total Mes | I8: No. De Meses | J8: % Respecto al Costo Directo | K8: Total
A9: A | B9: GASTOS DE PERSONAL
B10: PERSONAL PROFESIONAL
B11: Director general de proyecto | C11: 5000000 | D11: 0.5 | E11: 1.58 | F11: =C11*D11*E11 -> 3950000 | G11: 1 | H11: =+F11*G11 -> 3950000 | I11: 4 | J11: =+K11/$K$6 -> 0.0048810235 | K11: =+H11*I11 -> 15800000
B12: Profesional en sistemas y programación | C12: 3100000 | D12: 1 | E12: 1.78 | F12: =C12*D12*E12 -> 5518000 | G12: 1 | H12: =+F12*G12 -> 5518000 | I12: 4 | J12: =+K12/$K$6 -> 0.0068186045 | K12: =+H12*I12 -> 22072000
B13: Ingeniero electrico/electronico | C13: 3100000 | D13: 1 | E13: 1.78 | F13: =C13*D13*E13 -> 5518000 | G13: 1 | H13: =+F13*G13 -> 5518000 | I13: 4 | J13: =+K13/$K$6 -> 0.0068186045 | K13: =+H13*I13 -> 22072000
J14: =SUM(J11:J13) -> 0.018518233 | K14: =SUM(K11:K13) -> 59944000
B15: PERSONAL ADMINISTRATIVO
B16: Secretaria | C16: 1900000 | D16: 1 | E16: 1.78 | F16: =+E16*C16*D16 -> 3382000 | G16: 1 | H16: =+F16*G16 -> 3382000 | I16: 2 | J16: =+K16/$K$6 -> 0.0020895723 | K16: =+H16*I16 -> 6764000
B17: Conductor | C17: 2000000 | D17: 1 | E17: 1.78 | F17: =+E17*C17*D17 -> 3560000 | G17: 1 | H17: =+F17*G17 -> 3560000 | I17: 4 | J17: =+K17/$K$6 -> 0.0043990997 | K17: =+H17*I17 -> 14240000
B18: Supervisor Educativo | C18: 3100000 | D18: 0.5 | E18: 1.78 | F18: =+E18*C18*D18 -> 2759000 | G18: 1 | H18: =+F18*G18 -> 2759000 | I18: 4 | J18: =+K18/$K$6 -> 0.0034093023 | K18: =+H18*I18 -> 11036000
B19: SUBTOTAL PERSONAL ADMINISTRATIVO | J19: =SUM(J16:J18) -> 0.0098979743 | K19: =SUM(K16:K18) -> 32040000
B20: SUBTOTAL COSTOS PERSONAL (A) | J20: =J14+J19 -> 0.028416207 | K20: =+K14+K19 -> 91984000
A21: B | B21: GASTOS GENERALES
B22: GASTOS GENERALES
B23: Alquiler de bodega | F23: 1500000 | G23: 1 | H23: =+F23*G23 -> 1500000 | I23: 2 | J23: =+K23/$K$6 -> 0.00092677662 | K23: =+H23*I23 -> 3000000
B24: Alquiler de vehiculo tipo camioneta | F24: 6000000 | G24: 1 | H24: =+F24*G24 -> 6000000 | I24: 4 | J24: =+K24/$K$6 -> 0.0074142129 | K24: =+H24*I24 -> 24000000
B25: Oficina y servicios públicos | F25: 2500000 | G25: 1 | H25: =+F25*G25 -> 2500000 | I25: 2 | J25: =+K25/$K$6 -> 0.0015446277 | K25: =+H25*I25 -> 5000000
B26: Suministros y papelería | F26: 500000 | G26: 1 | H26: =+F26*G26 -> 500000 | I26: 2 | J26: =+K26/$K$6 -> 0.00030892554 | K26: =+H26*I26 -> 1000000
B27: SUBTOTAL GASTOS GENERALES DE LA OBRA (B) | J27: =SUM(J23:J26) -> 0.010194543 | K27: =SUM(K23:K26) -> 33000000
B28: ADMINISTRACIÓN (A+B) | J28: =J20+J27 -> 0.03861075 | K28: =K20+K27 -> 124984000
B29: GASTO DE LEGALIZACION | K29: =K6*J29 -> 0
B30: Polizas | J30: 0.0005 | K30: =K6*J30 -> 1618513
A31: TOTAL ADMINISTRACION | J31: =J28+J30 -> 0.03911075 | K31: =K28+K30 -> 1.2660251e+08
B33: ='PRESUPUESTO OFICIAL'!B70 -> 0

Sheet TRANFERENCIA DE CONOCIMI TABLET
A1: COSTOS DE METODOLOGÍA DE TRANFERENCIA DE CONOCIMIENTO Y APROPIACIÓN TIC.
A2: ='PRESUPUESTO OFICIAL'!A1:F1 -> ITEM
A3: Total costo Metodología de apropiación y transferencia de conocimiento. | F3: Valos unitario (1 Sede) | G3: =G15 -> 6000000
A4: 1 | B4: Tema Generales | C4: VALOR UNIT. | D4: NRO HORAS | E4: VALOR POR AULA | F4: # DE SEDES | G4: TOTAL
A5: 1.1 | B5: Apropiación de las competencias TIC de los docentes a través de la puesta en práctica de metodologías y tendencias innovadoras en educación y tecnología( inteligencia artificial en la educación) | C5: 300000 | D5: 10 | E5: =C5*D5 -> 3000000 | F5: 1 | G5: =E5*F5 -> 3000000
A10: 1.2 | B10: Apropiación de Tics, APP Movil Educativa, Manipulación y uso general | C10: 300000 | D10: 10 | E10: =C10*D10 -> 3000000 | F10: 1 | G10: =E10*F10 -> 3000000
B15: Total Inversión Por Aula o Sede Educativa | E15: =SUM(E5:E14) -> 6000000 | G15: =SUM(G5:G14) -> 6000000

Sheet TRANFERENCIA DE CONOCIMIENTO
A1: COSTOS DE METODOLOGÍA DE TRANFERENCIA DE CONOCIMIENTO Y APROPIACIÓN TIC.
A2: ='PRESUPUESTO OFICIAL'!A1:F1 -> ITEM
A3: Total costo Metodología de apropiación y transferencia de conocimiento. | F3: Valos unitario (1 Sede) | G3: =G21 -> 18000000
A4: 1 | B4: Tema Generales | C4: VALOR UNIT. | D4: NRO HORAS | E4: VALOR POR AULA | F4: # DE SEDES | G4: TOTAL
A5: 1.1 | B5: Apropiación de Tics, Uso de computador, Tableros Digital, UPS, Redes Wifi, Servidores Web, Firewall. | C5: 300000 | D5: 20 | E5: =C5*D5 -> 6000000 | F5: 1 | G5: =E5*F5 -> 6000000
A10: 1.2 | B10: Apropiación de las competencias TIC de los docentes a través de la puesta en práctica de metodologías y tendencias innovadoras en educación y tecnología( inteligencia artificial en la educación) | C10: 300000 | D10: 20 | E10: =C10*D10 -> 6000000 | F10: 1 | G10: =E10*F10 -> 6000000
A15: 1.3 | B15: Apropiación en competencias para el manejo de la plataforma educativa para la educación integral y herramientas tecnológicas. | C15: 300000 | D15: 20 | E15: =C15*D15 -> 6000000 | F15: 1 | G15: =E15*F15 -> 6000000
B21: Total Inversión Por Aula o Sede Educativa | E21: =SUM(E5:E20) -> 18000000 | G21: =SUM(G5:G20) -> 18000000
B23: ='PRESUPUESTO OFICIAL'!B70 -> 0

Sheet INVENTARIO MOBILIARIO 
A1: IMPLEMENTACIÓN DE AMBIENTES EDUCATIVOS TECNOLÓGICOS PARA EL FORTALECIMIENTO DEL APRENDIZAJE INTEGRAL EN SEDES EDUCATIVAS OFICIALES DE RIOHACHA Y FONSECA, LA GUAJIRA.
A2: INVENTARIO DE SUMINISTROS
A3: LOZALIZACION | C3: DOTACIÓN TECNOLÓGICA
B4: AMBIENTE | C4: Modulo 1 gestión repositorios | D4: Modulo 2 Videoteca | E4: Modulo 3 Repositorio de imágenes academicas | F4: Modulo de Juegos para el aprendizaje (grados de 1° a 11°) | G4: Modulo interactivo para el aprendizaje de la historia, cultura y biodiversidad. | H4: Entrenador Digital Pruebas saber | I4: Aula Educativa Virtual en Web Matemáticas | J4: Aula Educativa Virtual en Web Ciencias Naturales (Biología, Química.) | K4: Aula Educativa Virtual en Web Ciencias Naturales (Biología, Química.) | L4: Aula Educativa Virtual en Web Lengua Castellana e Idiomas(Lenguaje, Ingles), | M4: Aula Educativa Virtual en Web Ciencias Sociales (Sociales, Catedra de Paz, Constitución | N4: Módulos Curriculares de Educación Transversal | O4: Modulo para la educación propia Etnoeducativa(Wayuunaiki) | P4: computadores protatiles | Q4: Tablet con app educativa | R4: Computador Todo en uno Procesador Intel® Core™ i5-1135G7T generación 11 th, | S4: Audifonos Diademas | T4: Tablero digital TV de 75 pulgadas pentouch multitáctil. | U4: Aires Acondicionados MiniSplit 2Ton. | V4: Router Access Point RompeMuros, | W4: Equipo Servidor, | X4: UPS Online de 2KVA, | Y4: Maquina fotocopiadora multifuncional | Z4: Automatizacion Aulas | AA4: Automatizacion Bibliotecas | AB4: Servicio de conectividad a Internet | AC4: Suministro de circuito cerrado de televisión.
A5: INSTIRUCIÓN EDUCATIVA DENZIL ESCOLAR | B5: BIBLIOETCA TECNOLOGICA | C5: 1 | D5: 1 | E5: 1 | F5: 1 | G5: 1 | H5: 1 | I5: 0 | J5: 0 | K5: 0 | L5: 0 | M5: 0 | N5: 0 | P5: 0 | Q5: 80 | R5: 21 | S5: 21 | T5: 1 | U5: 8 | V5: 1 | W5: 1 | X5: 2 | Y5: 1 | Z5: 0 | AA5: 1 | AB5: 1 | AC5: 1
A6: INST EDUCATIVA JOSE LUIS GAMEZ | B6: AULA TECNOLOGICA | C6: 0 | D6: 0 | E6: 0 | F6: 1 | G6: 1 | H6: 1 | I6: 1 | J6: 1 | K6: 1 | L6: 1 | M6: 1 | N6: 1 | O6: 1 | P6: 31 | Q6: 0 | R6: 0 | S6: 31 | T6: 1 | U6: 2 | V6: 1 | W6: 1 | X6: 1 | Y6: 0 | Z6: 1 | AA6: 0 | AB6: 0 | AC6: 0
A7: I.E AGRO AMBIENTAL JOSE PEREZ | B7: SUMINISTRO TECNOLOGICO | Q7: 105
A8: TOTAL | C8: =SUM(C5:C7) -> 1 | D8: =SUM(D5:D7) -> 1 | E8: =SUM(E5:E7) -> 1 | F8: =SUM(F5:F7) -> 2 | G8: =SUM(G5:G7) -> 2 | H8: =SUM(H5:H7) -> 2 | I8: =SUM(I5:I7) -> 1 | J8: =SUM(J5:J7) -> 1 | ... AC8: =SUM(AC5:AC7) -> 1
A9: LOZALIZACION | C9: DOTACIÓN MOBILIARIO
B10: AMBIENTE | C10: Silla neumática giratoria monoconcha | D10: Mesas doble de compuitadores | E10: Mesas para lectura biblioteca | F10: mesa modular estudiante | G10: Mesas biblioteca infantil | H10: Silla ejecutiva | I10: Silla Interlocutora | J10: silla Biblioteca infantil | K10: PUFF Hexagonal para biblioteca | L10: PUFF Hexagonal infantil para bibliotecas | M10: Estantes de biblioteca según requerimiento del manual de dotaciones MEN | N10: Estantes de biblioteca infantil según requerimiento del manual de dotaciones MEN | O10: Mueble de recepcion biblioteca | P10: Casilleros / Maletera | Q10: Revistero de biblioteca | R10: Mueble Almacenamiento | S10: puesto de trabajo docente | T10: Gabinete Metalico 22U | U10: Gabinete Metalico 14U | V10: Division Infantil | W10: Extintor Tipo ABC 20 Libras Instalados | X10: Extintor CO2 del 10 Lb, intalados incluye soporte. | Y10: Punto ecologico incluido Canecas Reciclables 20 Litros (Verde, Blanco, Negro) | Z10: Señalización Ruta de Evacuación (Segu NTC 1461 X 12 unidades) | AA10: kit Primeros Auxilio (Botiquin A, Camilla, Collarin)
A11: INSTIRUCIÓN EDUCATIVA DENZIL ESCOLAR | B11: BIBLIOETCA TECNOLOGICA | C11: 20 | D11: 10 | E11: 11 | F11: 0 | G11: 6 | H11: 1 | I11: 44 | J11: 24 | K11: 21 | L11: 3 | M11: 13 | N11: 3 | O11: 1 | P11: 2 | Q11: 1 | R11: 1 | S11: 0 | T11: 1 | U11: 1 | V11: 4 | W11: 1 | X11: 1 | Y11: 1 | Z11: 1 | AA11: 1
A12: INST EDUCATIVA JOSE LUIS GAMEZ | B12: AULA TECNOLOGICA | C12: 30 | D12: 0 | E12: 0 | F12: 10 | G12: 0 | H12: 1 | I12: 0 | J12: 0 | K12: 0 | L12: 0 | M12: 0 | N12: 0 | O12: 0 | P12: 0 | Q12: 0 | R12: 0 | S12: 1 | T12: 1 | U12: 0 | V12: 0 | W12: 1 | X12: 0 | Y12: 1 | Z12: 1 | AA12: 0
A13: TOTAL | C13: =SUM(C11:C12) -> 50 | D13: =SUM(D11:D12) -> 10 | E13: =SUM(E11:E12) -> 11 | F13: =SUM(F11:F12) -> 10 | G13: =SUM(G11:G12) -> 6 | H13: =SUM(H11:H12) -> 2 | I13: =SUM(I11:I12) -> 44 | J13: =SUM(J11:J12) -> 24 | ... AA13: =SUM(AA11:AA12) -> 1
A14: LOZALIZACION | C14: DOTACIÒN PEDAGOGICO
B15: AMBIENTE | C15: Contenido educativo Impreso Cartillas educación Ambiental TOMO I | D15: Contenido educativo Impreso Cartillas educación Ambiental TOMO II | E15: Contenido educativo Impreso Educación SEXUAL TOMO I | F15: Contenido educativo Impreso Educación SEXUAL TOMO II | G15: Contenido educativo Impreso catedra de paz TOMO I | H15: Contenido educativo Impreso catedra de paz TOMO II | I15: Kit De Juegos Pedagógico | J15: Cuentos Infantiles y obras literarias | K15: Ejemplares de diferentes categorias (informatica, Filosofía, Psicología. Religión, Ciencias Sociales, Lenguas, Ciencias Básicas, Ciencias Aplicadas, Artes, Literatura, Historia, Geografía y Superacion personal.
A16: INSTIRUCIÓN EDUCATIVA DENZIL ESCOLAR | B16: BIBLIOETCA TECNOLOGICA | C16: 300 | D16: 300 | E16: 300 | F16: 300 | G16: 300 | H16: 300 | I16: 1 | J16: 300 | K16: 500
A17: INST EDUCATIVA JOSE LUIS GAMEZ | B17: AULA TECNOLOGICA | C17: 0 | D17: 0 | E17: 0 | F17: 0 | G17: 0 | H17: 0 | I17: 0 | J17: 0 | K17: 0
A18: TOTAL | C18: =SUM(C16:C17) -> 300 | D18: =SUM(D16:D17) -> 300 | E18: =SUM(E16:E17) -> 300 | F18: =SUM(F16:F17) -> 300 | G18: =SUM(G16:G17) -> 300 | H18: =SUM(H16:H17) -> 300 | I18: =SUM(I16:I17) -> 1 | J18: =SUM(J16:J17) -> 300 | K18: =SUM(K16:K17) -> 500

Sheet ESTUDIO DE MERCADO
A1: ESTUDIO DE MERCADO
A2: ='PRESUPUESTO OFICIAL'!A1:F1 -> ITEM
A3: SUMINISTRO TECNOLOGICO Y MOBILIARIO
A4: DOTACION TECNOLOGICA
A5: ITEM | B5: DESCRIPCIÓN | C5: CANT | D5: TEI S.A.S | E5: SOPORTE TIENDA TECNOLOGICA | F5: SISTEMAS INTELIGENTES | G5: VALOR PROMEDIOVALOR UNITARIO
A6: 1 | B6: Modulo 1 gestión repositorios ( incluye gestión y consultas de contenidos educativos para las diferentes area del conocimiento ( Matemáticas, Ciencias sociales, lengua castellana e ingles, Ciencias Sociales,Ciencias naturales, componentes transversales como informática, Eticas, emprendimiento ) | C6: 1 | D6: 1.5522967e+08 | E6: 1.5606245e+08 | F6: 1.0955686e+08 | G6: =SUM(D6:F6)/3 -> 1.40283e+08
A7: 2 | B7: Modulo 2 Videoteca ( Repositorio de videos educativos para la diferntes area del conocimiento (Matemáticas, Ciencias sociales, lengua castellana e ingles, Ciencias Sociales,Ciencias naturales) | C7: 1 | D7: 1.0048845e+08 | E7: 1.000443e+08 | F7: 1.0955686e+08 | G7: =SUM(D7:F7)/3 -> 1.0336321e+08
A8: 3 | B8: Modulo 3 Repositorio de imágenes academicas y contenidos eductivos esquematizados de las diferentes areas del conocimiento (Matemáticas, Ciencias sociales, lengua castellana e ingles, Ciencias Sociales,Ciencias naturales) | C8: 1 | D8: 89673451 | E8: 98978349 | F8: 83540982 | G8: =SUM(D8:F8)/3 -> 90730927
A9: 4 | B9: Modulo de Juegos para el aprendizaje (grados de 1° a 11°) | C9: 1 | D9: 38920048 | E9: 39143085 | F9: 41129153 | G9: =SUM(D9:F9)/3 -> 39730762
A10: 5 | B10: Modulo interactivo para el aprendizaje de la historia, cultura y biodiversidad. | C10: 1 | D10: 50071924 | E10: 50294962 | F10: 52880340 | G10: =SUM(D10:F10)/3 -> 51082409
A11: 6 | B11: Entrenador digital pruebas Saber, (Matemáticas) Básica Primaria (3° y 5°) Básica Secundaria (9°) y Media (11°), (Lenguaje) Básica Primaria (3° y 5°) Básica Secundaria (9°) y Media (11°), (Ingles) Básica Primaria (3° y 5°) Básica Secundaria (9°) y Media (11°), (Competencia Ciudadana) Básica Primaria ( 5°) Básica Secundaria (9°) y Media (11°), (Ciencias Naturales) Básica Primaria ( 5°) Básica Secundaria (9°) y Media (11°). Incluye Soporte, Mantenimiento y Actualización Por 3 Años. | C11: 1 | D11: 51744705 | E11: 51410149 | F11: 54172971 | G11: =SUM(D11:F11)/3 -> 52442608
A12: 7 | B12: Aula Educativa Virtual en Web Matemáticas(Matemáticas, Física, Estadística, Geometría), Incluye Soporte, Mantenimiento y Actualización Por 3 Año. Básica primaria (1° a 5°), básica secundaria (6° a 9°) y Media (10° y 11°) | C12: 1 | D12: 1.0449308e+08 | E12: 1.0371245e+08 | F12: 1.1003224e+08 | G12: =SUM(D12:F12)/3 -> 1.0607925e+08
A13: 8 | B13: Aula Educativa Virtual en Web Ciencias Naturales (Biología, Química.) Incluye Soporte, Mantenimiento y Actualización Por 3 Año. Básica primaria (1° a 5°), básica secundaria (6° a 9°) y Media (10° y 11°) | C13: 1 | D13: 1.0449308e+08 | E13: 1.0371245e+08 | F13: 1.1003224e+08 | G13: =SUM(D13:F13)/3 -> 1.0607925e+08
A14: 9 | B14: Aula Educativa Virtual en Web Lengua Castellana e Idiomas(Lenguaje, Ingles), Incluye Soporte, Mantenimiento y Actualización Por 3 Año. Básica primaria (1° a 5°), básica secundaria (6° a 9°) y Media (10° y 11°). | C14: 1 | D14: 79735915 | E14: 79847433 | F14: 83903473 | G14: =SUM(D14:F14)/3 -> 81162274
A15: 10 | B15: Aula Educativa Virtual en Web Ciencias Sociales (Sociales, Catedra de Paz, Constitución), Incluye Soporte, Mantenimiento y Actualización Por 3 Año. Básica primaria (1° a 5°), básica secundaria (6° a 9°) y Media (10° y 11°) | C15: 1 | D15: 79735915 | E15: 79847433 | F15: 83903473 | G15: =SUM(D15:F15)/3 -> 81162274
A16: 11 | B16: Módulos Curriculares de Educación Transversal, (Ética y Urbanidad, Informática), Básica primaria (1° a 5°), básica secundaria (6° a 9°) y Media (10° y 11°), (Emprendimiento) Básica primaria (3° a 5°), básica secundaria (6° a 9°) y Media (10° y 11°). Incluye Soporte, Mantenimiento y Actualización Por 3 Años. | C16: 1 | D16: 43157761 | E16: 42934723 | F16: 45007045 | G16: =SUM(D16:F16)/3 -> 43699843
A17: 12 | B17: Plataforma educativa Módulo de etnoeducativo, educación propia Wayuunaiki | C17: 1 | D17: 98739516 | E17: 98303099 | F17: 1.0278121e+08 | G17: =SUM(D17:F17)/3 -> 99941275
... A31: 26 | B31: Suministro e instalación de Circuito Cerrado de televisión | C31: 1 | D31: 16845573 | E31: 16919970 | F31: 17178113 | G31: =SUM(D31:F31)/3 -> 16981219
A33: MOBILIARIO
A34: ITEM | B34: DESCRIPCIÓN | C34: CANT | D34: SOLUCIONES EDUCATIVAS | E34: TODO MUEBLES VALLEDUPAR | F34: SISTEMAS INTELIGENTES | G34: VALOR PROMEDIO VALOR UNITARIO
A35: 1 | B35: Silla neumática giratoria monoconcha acorde al manual de dotaciones de MEN (Incluye transporte e intalacion en cada sede educativa). | C35: 1 | D35: 478265.49 | E35: 479115.74 | F35: 477415.24 | G35: =SUM(D35:F35)/3 -> 478265.49
A36: 2 | B36: Mesas dobles para computadores | C36: 1 | D36: 3082155.4 | E36: 3326602.2 | F36: 3156552.2 | G36: =SUM(D36:F36)/3 -> 3188436.6
A37: 3 | B37: Mesas para lectura biblioteca | C37: 1 | D37: 1753640.1 | E37: 1700499.5 | F37: 1711127.6 | G37: =SUM(D37:F37)/3 -> 1721755.8
A38: 4 | B38: Mesas biblioteca infantil | C38: 1 | D38: 1303007.8 | E38: 1337017.7 | F38: 1275374.6 | G38: =SUM(D38:F38)/3 -> 1305133.4
A39: 5 | B39: Silla ejecutiva | C39: 1 | D39: 1062812.2 | E39: 1057498.1 | F39: 1068126.3 | G39: =SUM(D39:F39)/3 -> 1062812.2
A40: 6 | B40: Silla Interlocutora butterfly pintada asiento tapizado | C40: 1 | D40: 488893.61 | E40: 484642.36 | F40: 480391.11 | G40: =SUM(D40:F40)/3 -> 484642.36
A41: 7 | B41: silla Biblioteca infantiles | C41: 1 | D41: 286959.29 | E41: 292273.36 | F41: 307152.73 | G41: =SUM(D41:F41)/3 -> 295461.79
A42: 8 | B42: PUFF Hexagonal para biblioteca | C42: 1 | D42: 502710.17 | E42: 504835.8 | F42: 506961.42 | G42: =SUM(D42:F42)/3 -> 504835.8
A43: 9 | B43: PUFF Infantiles Hexagonal para bibliotecas | C43: 1 | D43: 457009.25 | E43: 451695.19 | F43: 478265.49 | G43: =SUM(D43:F43)/3 -> 462323.31
A44: 10 | B44: Mesa modular aula con 3 puestos para estudiantes, acorde al manual de dotaciones de MEN | C44: 1 | D44: 1381655.9 | E44: 1434796.5 | F44: 1328515.3 | G44: =SUM(D44:F44)/3 -> 1381655.9
A45: 11 | B45: Estantes de biblioteca según requerimiento del manual de dotaciones MEN | C45: 1 | D45: 4835795.5 | E45: 4675310.9 | F45: 4836858.3 | G45: =SUM(D45:F45)/3 -> 4782654.9
A46: 12 | B46: Mueble de recepcion biblioteca | C46: 1 | D46: 9150813.1 | E46: 9193325.5 | F46: 9057285.6 | G46: =SUM(D46:F46)/3 -> 9133808.1
... A50: 16 | B50: Mueble Almacenamiento | C50: 1 | D50: 5027314.3 | E50: 5013933.5 | F50: 5049622.7 | G50: =SUM(D50:F50)/3 -> 5030290.1
A51: 17 | B51: Puesto de trabajo docente, mesa acorde al manual de dotaciones de MEN | D51: 1349771.5 | E51: 1344457.4 | F51: 1361462.4 | G51: =SUM(D51:F51)/3 -> 1351897.1
A52: 18 | B52: Gabinete Metalico 14U | C52: 1 | D52: 2088426 | E52: 2227654.4 | F52: 2044850.7 | G52: =SUM(D52:F52)/3 -> 2120310.3
A53: 19 | B53: Gabinete Metalico 22U | C53: 1 | D53: 3088532.3 | E53: 3144861.3 | F53: 3083218.2 | G53: =SUM(D53:F53)/3 -> 3105537.3
A54: 20 | B54: División Infantil | C54: 1 | D54: 2231905.6 | E54: 2125624.4 | F54: 2178765 | G54: =SUM(D54:F54)/3 -> 2178765
A55: 21 | B55: Extintor Tipo ABC 20 Libras Instalados e incluye soporte | C55: 1 | D55: 142416.83 | E55: 145605.27 | F55: 151982.14 | G55: =SUM(D55:F55)/3 -> 146668.08
A56: 22 | B56: Extintor CO2 del 10 Lb, intalados incluye soporte. | C56: 1 | D56: 508024.23 | E56: 502710.17 | F56: 503772.98 | G56: =SUM(D56:F56)/3 -> 504835.8
A57: 23 | B57: Punto ecologico incluido Canecas Reciclables 20 Litros (Verde, Blanco, Negro) | C57: 1 | D57: 407057.07 | E57: 403868.64 | F57: 400680.2 | G57: =SUM(D57:F57)/3 -> 403868.64
A58: 24 | B58: Señalización Ruta de Evacuación (Segu NTC 1461 X 12 unidades) | C58: 1 | D58: 104155.6 | E58: 108406.84 | F58: 106281.22 | G58: =SUM(D58:F58)/3 -> 106281.22
A59: 25 | B59: KIT Primeros auxilio (botiquin A, camilla, collarin.) | C59: 1 | D59: 954405.36 | E59: 884259.75 | F59: 903390.37 | G59: =SUM(D59:F59)/3 -> 914018.49
A61: MATERIAL DIDACTICO Y PEDAGOGICO
A62: ITEM | B62: DESCRIPCIÓN | C62: CANT | D62: SOLUCIONES EDUCATIVAS | E62: TODO MUEBLES VALLEDUPAR | F62: SISTEMAS INTELIGENTES | G62: VALOR PROMEDIO
A63: 1 | B63: Contenido educativo Impreso Cartillas educación Ambiental TOMO I | C63: 1 | D63: 189180.57 | E63: 194494.63 | F63: 199808.69 | G63: =AVERAGE(D63:F63) -> 194494.63
A64: 2 | B64: Contenido educativo Impreso Cartillas educación Ambiental TOMO II | C64: 1 | D64: 189180.57 | E64: 194494.63 | F64: 199808.69 | G64: =AVERAGE(D64:F64) -> 194494.63
A65: 3 | B65: Contenido educativo Impreso Educación SEXUAL TOMO I | C65: 1 | D65: 189180.57 | E65: 194494.63 | F65: 199808.69 | G65: =AVERAGE(D65:F65) -> 194494.63
A66: 4 | B66: Contenido educativo Impreso Educación SEXUAL TOMO II | C66: 1 | D66: 189180.57 | E66: 194494.63 | F66: 199808.69 | G66: =AVERAGE(D66:F66) -> 194494.63
A67: 5 | B67: Contenido educativo Impreso Educación Catedra de paz I | C67: 1 | D67: 189180.57 | E67: 194494.63 | F67: 199808.69 | G67: =AVERAGE(D67:F67) -> 194494.63
A68: 6 | B68: Contenido educativo Impreso Educación Catedra de paz TOMO II | C68: 1 | D68: 189180.57 | E68: 194494.63 | F68: 199808.69 | G68: =AVERAGE(D68:F68) -> 194494.63
A69: 7 | B69: Ejemplares de diferentes categorias (informatica, Filosofía, Psicología. Religión, Ciencias Sociales, Lenguas, Ciencias Básicas, Ciencias Aplicadas, Artes, Literatura, Historia, Geografía y Superacion personal. | C69: 1 | D69: 98841.535 | E69: 103092.78 | F69: 100967.16 | G69: =AVERAGE(D69:F69) -> 100967.16
A70: 8 | B70: Kit De Juegos Pedagógico | C70: 1 | D70: 14560527 | E70: 13975980 | F70: 14507387 | G70: =AVERAGE(D70:F70) -> 14347965
A71: 9 | B71: Cuentos Infantiles y obras literarias | C71: 1 | D71: 62705.92 | E71: 65894.356 | F71: 62705.92 | G71: =AVERAGE(D71:F71) -> 63768.732
